 Dungeon Crawl Stone Soup version 0.32-a0-913-g739538afd8 (webtiles) character file.

Game seed: 11828862193844477260

111 atomiclemming the Cudgeller (level 4, -1/40 HPs)
             Began as a Mountain Dwarf Fighter on Apr 8, 2024.
             Was a Follower of Qazlal.
             Incinerated by a bombardier beetle (5 damage)
             ... with a burning spray
             ... on level 3 of the Dungeon.
             The game lasted 00:16:28 (1887 turns).

atomiclemming the Cudgeller (MDFi)                  Turns: 1887, Time: 00:16:28

Health: -1/40      AC:  7    Str: 18    XL:     4   Next: 62%
Magic:  4/4        EV:  8    Int:  9    God:    Qazlal [*.....]
Gold:   825        SH:  6    Dex: 11    Spells: 3/3 levels left

rFire   . . .        a - +1 flail
rCold   + . .        c - +0 buckler
rNeg    . . .        b - +0 scale mail
rPois   .            (no helmet)
rElec   .            (no cloak)
rCorr   .            (no gloves)
SInv    .            (no boots)
Will    .....        (no amulet) Stlth
                     f - ring of protection from cold
HPRegen 0.26/turn    (no ring)
MPRegen 0.09/turn

%: no passive effects
@: mighty, on fire, glowing
A: runic magic, artefact enchanting
a: Renounce Religion


You were on level 3 of the Dungeon.
You worshipped Qazlal.
Qazlal was aware of your devotion.
You visited 1 branch of the dungeon, and saw 3 of its levels.

You collected 1053 gold pieces.
You spent 228 gold pieces at shops.

Inventory:

Hand Weapons
 a - a +1 flail (weapon)
Missiles
 h - 5 poisoned darts
 j - 6 boomerangs
 k - a throwing net (quivered)
Armour
 b - a +0 scale mail (worn)
 c - a +0 buckler (worn)
Jewellery
 f - a ring of protection from cold (left hand)
Scrolls
 i - a scroll of identify
 n - a scroll of revelation
Potions
 d - 3 potions of might
 e - a potion of attraction {unknown}
 g - a potion of curing
 l - a potion of magic {unknown}


   Skills:
 + Level 3.7 Fighting
 + Level 4.2 Maces & Flails
 + Level 4.2 Armour
 + Level 0.5 Dodging
 + Level 3.6 Shields


You had 3 spell levels left.
You didn't know any spells.
Your spell library contained the following spells:

 Spells                   Type           Power      Damage    Failure   Level
 Shock                    Conj/Air       0%         1d3       56%         1
 Sting                    Conj/Alch      0%         1d3       56%         1
 Mercury Vapours          Alch/Air       0%         N/A       71%         2
 Dazzling Flash           Conj/Hex       0%         N/A       90%         3
 Mephitic Cloud           Conj/Alch/Air  0%         N/A       90%         3
 Swiftness                Air            0%         N/A       90%         3
 Airstrike                Air            0%         2d(0-16)  100%        4
 Olgreb's Toxic Radiance  Alch           0%         N/A       100%        4
 Curse of Agony           Necr           0%         N/A       100%        5
 Silence                  Hex/Air        0%         N/A       100%        5


Dungeon Overview and Level Annotations

Branches:
Dungeon (3/15)

Altars:
Qazlal
Yredelemnul

Shops:
D:2 ?


Innate Abilities, Weirdness & Mutations

Your spellcasting is much less encumbered by armour.
You can use scrolls of enchantment on lesser artefacts.


Message History

The liquid fire burns you!
A kobold comes into view. It is wielding a +0 dagger.
The giant cockroach bites you.
The bombardier beetle bites you but does no damage.
You closely miss the bombardier beetle.
The bombardier beetle is almost dead.
The liquid fire burns you!
The kobold shouts!
You block the giant cockroach's attack.
The bombardier beetle sprays incendiary fluid at you.
The burning spray hits you.
You are even more covered in liquid fire!
The giant cockroach closely misses you.
You feel better. The liquid fire burns you!
You block the giant cockroach's attack.
The bombardier beetle barely misses you.
You feel very mighty all of a sudden. The liquid fire burns you!
The giant cockroach bites you but does no damage.
You bludgeon the bombardier beetle!!
You kill the bombardier beetle!
Qazlal accepts your kill. The liquid fire burns you!
* * * LOW HITPOINT WARNING * * *
The giant cockroach bites you but does no damage.
The giant cockroach waves its antennae.
The giant cockroach bites you.
* * * LOW HITPOINT WARNING * * *
Your Maces & Flails skill increases to level 4!
You sock the orc!
You kill the orc!
Qazlal accepts your kill. The liquid fire burns you!
* * * LOW HITPOINT WARNING * * *
You block the giant cockroach's attack.
Unknown command.
You closely miss the frilled lizard. The liquid fire burns you!
You die...

.. . #. .#
#.####.###
#.........
#.........
..$......
#lBK.....
#.##@####..#
#....<....#
###....####
......##
........#
#........#
#.........
..........
##.......<.


You could see a giant cockroach, a kobold and a frilled lizard.

Vanquished Creatures
  A bombardier beetle (D:3)
  3 adders (D:2)
  A dart slug (D:1)
  An orc (D:3)
  4 endoplasms
  3 giant cockroaches
  7 goblins
  4 hobgoblins
  3 jackals (D:1)
  2 kobolds (D:1)
  7 ball pythons
  4 bats
  2 frilled lizards (D:1)
  3 rats (D:2)
45 creatures vanquished.

Notes
Turn   | Place    | Note
-------+----------+-------------------------------------------
     0 | D:1      | atomiclemming the Mountain Dwarf Fighter began the quest
                  | for the Orb.
     0 | D:1      | Reached XP level 1. HP: 19/19 MP: 1/1
   200 | D:1      | Reached XP level 2. HP: 26/26 MP: 2/2
   784 | D:1      | Reached XP level 3. HP: 29/31 MP: 3/3
  1241 | D:2      | Reached XP level 4. HP: 24/39 MP: 4/4
  1255 | D:2      | Found a basalt altar of Yredelemnul.
  1518 | D:2      | Found Jorof's Magic Scroll Shop.
  1548 | D:2      | Found a faded altar of an unknown god.
  1548 | D:2      | Noticed a Brimstone Fiend
  1561 | D:2      | Prayed at the altar of an unknown god.
  1561 | D:2      | Became a worshipper of Qazlal Stormbringer
  1561 | D:2      | Reached * piety under Qazlal
  1586 | D:2      | Identified a scroll of acquirement
  1586 | D:2      | Acquired 959 gold pieces
  1690 | D:2      | Bought a scroll of identify for 24 gold pieces
  1690 | D:2      | Bought a scroll of enchant weapon for 90 gold pieces
  1690 | D:2      | Bought a scroll of identify for 24 gold pieces
  1690 | D:2      | Bought a scroll of revelation for 90 gold pieces
  1887 | D:3      | Incinerated by a bombardier beetle

Illustrated notes

Levels and vault maps discovered:
D:1:      psy_arrival_whirlpool, layout_basic
D:2:      layout_loops_ring, dreamdust_ecumenical_altar_sealed_demon,
          serial_shops, shop, basic_altar, st_stairs_13, minmay_cut_off
D:3:      layout_rooms, serial_bayou_lagoon_a

Skill      XL: |  1  2  3  4 |
---------------+-------------+-----
Maces & Flails | 3 4 |  4.2
Armour         | 4 |  4.2
Fighting       | |  3.7
Dodging        | |  0.5
Shields        | |  3.6

Action                     |  1- 3 |  4- 6 || total
---------------------------+-------+-------++-------
  Melee: Flail             |   100 |    29 ||   129
    Use: Scroll            |     1 |     4 ||     5
         Potion            |       |     2 ||     2
 Armour: Scale mail        |    83 |    32 ||   115
  Dodge: Dodged            |    42 |    10 ||    52
  Block: Buckler           |    14 |    16 ||    30

Table legend: (Time is in decaauts)
 A = Elapsed time spent in this place.
 B = Non-inter-level travel time spent in this place.
 C = Inter-level travel time spent in this place.
 D = Time resting spent in this place.
 E = Time spent auto-exploring this place.
 F = Levels seen in this place.
 G = Mean time per level.
                   A        B        C        D        E       F      G
               +--------+--------+--------+--------+--------+-----+--------+
         Total |   1924 |   1848 |     76 |      0 |      0 |   3 |  641.3 |
       Dungeon |   1924 |   1848 |     76 |      0 |      0 |   3 |  641.3 |
               +--------+--------+--------+--------+--------+-----+--------+

Top non-repeatable levels by time:
     D:1: 1030 daAuts
     D:2: 873 daAuts
     D:3: 20 daAuts
